 Dungeon Crawl Stone Soup version 0.23.2-30-g0e89c35649 (webtiles) character file.

Game seed: 16594770733597175604

253 jjfam the Chopper (level 6, -6/79 HPs)
             Began as a Hill Orc Fighter on June 12, 2019.
             Killed by divine providence
             ... invoked by an orc priest
              (11 damage)
             ... on level 4 of the Dungeon.
             The game lasted 00:09:13 (3596 turns).

jjfam the Chopper (Hill Orc Fighter)                Turns: 3596, Time: 00:09:14

Health: -6/79      AC:  9    Str: 24    XL:     6   Next: 14%
Magic:  6/6        EV:  8    Int:  8    God:
Gold:   187        SH: 10    Dex: 12    Spells: 5/5 levels left

rFire    + + .     SeeInvis .   a - +0 war axe
rCold    x . .     Gourm    .   c - +0 shield
rNeg     . . .     Faith    .   b - +0 scale mail
rPois    .         Spirit   .   (no helmet)
rElec    .         Reflect  .   l - +0 cloak
rCorr    .         Harm     .   n - +0 pair of gloves
MR       .....                  (no boots)
Stlth    ..........             (no amulet)
HPRegen  0.23/turn              h - ring of fire
MPRegen  0.10/turn              s - ring of protection from fire

@: berserking, very quick
A: no striking features
a: Convert to Beogh


You were on level 4 of the Dungeon.
You were not hungry.

You visited 1 branch of the dungeon, and saw 4 of its levels.

You collected 187 gold pieces.

Inventory:

Hand Weapons
 a - a +0 war axe (weapon)
Missiles
 e - 57 poisoned needles (quivered)
Armour
 b - a +0 scale mail (worn)
 c - a +0 shield (worn)
 l - a +0 cloak (worn)
 n - a +0 pair of gloves (worn)
Jewellery
 h - a ring of fire (left hand)
 s - a ring of protection from fire (right hand)
Scrolls
 g - 2 scrolls of remove curse {unknown}
 i - a scroll of amnesia {unknown}
 j - 3 scrolls of enchant weapon {unknown}
 k - a scroll of enchant armour {unknown}
 m - a scroll of fog {unknown}
 q - 3 scrolls of identify {unknown}
 v - a scroll of random uselessness {unknown}
 w - 2 scrolls of fear {unknown}
 y - a scroll of teleportation {unknown}
 z - a scroll of magic mapping {unknown}
Potions
 d - a potion of might
 o - a potion of invisibility {unknown}
 r - a potion of degeneration {unknown}
 t - a potion of flight {unknown}
 u - a potion of curing {unknown}
 x - a potion of brilliance {unknown}
 A - a potion of lignification {unknown}
Comestibles
 f - 6 rations


   Skills:
 + Level 4.5 Fighting
 + Level 5.4 Axes
 + Level 4.4 Armour
 + Level 0.9 Dodging
 + Level 0.5 Stealth
 + Level 4.2 Shields


You had 5 spell levels left.
You didn't know any spells.
Your spell library was empty.

Dungeon Overview and Level Annotations

Branches:
Dungeon (4/15)
 Temple: D:4-7

Altars:
Zin

Annotations:
D:3 Grinder


Message History

You hit the orc priest.
The orc priest is moderately wounded.
You block the orc priest's attack. The orc priest barely misses you.
It was a potion of berserk rage.
A red film seems to cover your vision as you go berserk!
You feel yourself moving faster!
You feel mighty! The orc priest barely misses you.
Unknown command.
You closely miss the orc priest.
The orc priest is moderately wounded.
Unknown command.
You completely miss the orc priest.
The orc priest is moderately wounded.
The orc priest hits you but does no damage.
You closely miss the orc priest.
The orc priest is moderately wounded.
The orc priest shouts, "Join the one true god or die!"
The orc priest invokes the aid of Beogh against you.
Beogh smites you!
You die...

###########
........o@#
#######.### #.#
#o# #.#
########## #o#
.........#####o##
.........o.o....#
?........#####..#


You could see an orc priest.

Vanquished Creatures
  An ogre (D:4)
  An orc wizard (D:4)
  A worker ant (D:4)
  5 adders
  2 worms
  2 dart slugs (D:1)
  7 orcs
  6 bats
  4 giant cockroaches
  5 goblins
  3 hobgoblins
  5 jackals
  2 frilled lizards (D:3)
  7 kobolds
  8 rats
59 creatures vanquished.

Notes
Turn   | Place    | Note
-------+----------+-------------------------------------------
     0 | D:1      | jjfam the Hill Orc Fighter began the quest for the Orb.
     0 | D:1      | Reached XP level 1. HP: 19/19 MP: 1/1
   409 | D:1      | Reached XP level 2. HP: 27/27 MP: 2/2
   663 | D:2      | Found a glowing silver altar of Zin.
   683 | D:2      | Reached skill level 3 in Axes
   683 | D:2      | Reached XP level 3. HP: 33/33 MP: 3/3
  1310 | D:2      | Reached XP level 4. HP: 40/40 MP: 4/4
  1329 | D:2      | Reached skill level 4 in Axes
  2296 | D:3      | Noticed Grinder
  2298 | D:3      | Paralysed by Grinder for 5 turns
  2302 | D:3      | HP: 1/40 [Grinder (3)]
  3486 | D:4      | Reached XP level 5. HP: 46/46 MP: 5/5
  3523 | D:4      | Noticed an ogre
  3584 | D:4      | Killed an ogre
  3584 | D:4      | Reached skill level 5 in Axes
  3584 | D:4      | Reached XP level 6. HP: 18/53 MP: 6/6
  3589 | D:4      | HP: 2/53 [orc priest/+0 dagger (2)]
  3596 | D:4      | Killed from afar by an orc priest

Skill      XL: |  1  2  3  4  5 |
---------------+----------------+-----
Fighting       | 4 |  4.5
Axes           | 3 4 5 |  5.4
Armour         | 4 |  4.4
Shields        | 4 |  4.2
Dodging        | |  0.9
Stealth        | |  0.5

Action                   |  1- 3 |  4- 6 || total
-------------------------+-------+-------++-------
Melee: War axe           |   103 |   141 ||   244
  Use: Potion            |       |     1 ||     1
  Eat: Chunk             |     1 |     5 ||     6
       Ration            |       |     1 ||     1
Armor: Scale mail        |    47 |    73 ||   120
Dodge: Dodged            |    32 |    31 ||    63
Block: Shield            |    67 |    69 ||   136
